Unix xNetHack Version 8.0.0 - last build Dec 12 2023 02:29:49 (91f4f2a3cef525215d93041de673611803b6188e). Game began 2023-12-12 16:04:33, ended 2023-12-13 08:58:53. breadmaster, lawful female human Samurai --- ..-- ... -.. |..-- --- ---...--- -.. |......<| ..- - -- |.. --..--..-- ....| - |@.)......G..` ---.`..%...-- --......-- ......- ......... ..........| ........*..| ----........| ........| -.......- -....... --..|..| ------ Breadmaster the Ronin St:16 Dx:16 Co:18 In:10 Wi:9 Ch:6 Lawful S:530 Dlvl:5 $:22 HP:0(34) Pw:6(6) AC:2 Xp:3/77 T:553 Latest messages: You are caught in a bear trap. You are caught in a bear trap. You are caught in a bear trap. The gnome punches you! You are caught in a bear trap. You are caught in a bear trap. The gnome punches you! You are caught in a bear trap. You are caught in a bear trap. You are caught in a bear trap. You are caught in a bear trap. You are caught in a bear trap. The gnome punches you! You are caught in a bear trap. You finally wriggle free. The gnome punches you! You kill the gnome! You see here a little dog corpse named Hachi. You see here a candle. s - a candle {2}. You see here a little dog corpse named Hachi. The gnome lord punches you! You miss the gnome lord. The gnome lord misses! You kill the gnome lord! You descend the stairs. You see here a yellowish brown gem. t - a yellowish brown gem {1}. You see here an orange gem. u - an orange gem {1}. You descend the stairs. You hear a chugging sound. You see here 2 green gems. v - 2 green gems {2}. A plastic dagger misses you. You are hit by a plastic dagger. You are hit by a plastic dagger. Click! The gnome triggers something. The boulder hits the gnome! The gnome is killed! Wait! There's something there you can't see! It punches you! You lacerate it. It punches you! You slash it. It misses! You miss it. It hits! You die... Do you want your possessions identified? [ynq] (y) q Inventory: Inventory: 609/900 weight (20/52 slots) Coins $ - 22 gold pieces {1} Weapons d - 34 +0 ya (in quiver) {34} c - a +0 yumi {30} o - a +0 orcish dagger {10} a - a +0 katana (weapon in hand) {40} b - a blessed +0 wakizashi (alternate weapon; not wielded) {30} Armor m - an uncursed +1 orcish helm (being worn) {23} e - an uncursed rustproof +0 splint mail (being worn) {300} Comestibles q - an uncursed carrot {2} f - an uncursed clove of garlic {1} i - 2 uncursed lichen corpses {40} Scrolls l - an uncursed scroll of fire {5} j - an uncursed scroll of identify {5} Potions r - an uncursed potion of gain ability {20} p - a blessed potion of object detection {20} h - 2 uncursed potions of speed {40} Rings n - an uncursed ring of free action {3} Tools s - an uncursed tallow candle {2} Gems/Stones t - an uncursed amber stone {1} v - 2 uncursed worthless pieces of green glass {2} u - an uncursed worthless piece of orange glass {1} Breadmaster the Samurai's attributes: Background: You were a Ronin, a level 3 female human Samurai. You were lawful, on a mission for Amaterasu Omikami who was opposed by Raijin (neutral) and Susanowo (chaotic). You were heterosexual. You were in the Gnomish Mines, on level 5. You entered the dungeon 553 turns ago. There was a new moon in effect when your adventure ended. You had 77 experience points, 3 more were needed to attain level 4. Your score was 530 before end-of-game adjustments. Basics: You had 0 out of 34 hit points. You had all 6 energy points (spell power). Your armor class was 2. Your wallet contained 22 zorkmids. Autopickup was off. Final Characteristics: Your strength was 16 (limit:18/100). Your dexterity was 16 (limit:18). Your constitution was 18 (limit:18). Your intelligence was 10 (limit:18). Your wisdom was 9 (limit:18). Your charisma was 6 (limit:18). Final Status: You were not hungry. You were unencumbered. You were wielding a long sword. You had basic skill with long sword. Final Attributes: You were fervently aligned. You were warded. You were fast. You are dead. Miscellaneous: You never encountered a bones level. Total elapsed playing time was 58 minutes and 22 seconds. Major events: Turn 1: breadmaster the lawful female human Samurai entered the dungeon 420: attained the rank of Ronin (level 3) 495: entered the Gnomish Mines 553: killed by an invisible gnome lord Vanquished creatures: a gnome leader a little dog a coyote a green mold 2 gnomes a gecko a jackal a fox 2 kobolds 2 goblins a sewer rat 2 grid bugs 5 lichens 3 newts 24 creatures vanquished. No species were genocided or became extinct. Voluntary challenges: You were illiterate. You never genocided any monsters. You never polymorphed an object. You never changed form. You never touched an artifact. You used no wishes. You never scared an enemy with impunity. You were celibate. You never generated conflict. Achievements: You attained the rank of Ronin. You entered the Gnomish Mines. Dungeon overview: The Dungeons of Doom: levels 1 to 2 Level 1: Level 2: An altar, some fountains. Stairs down to The Gnomish Mines. The Gnomish Mines: levels 3 to 5 Level 3: Level 4: Level 5: <- You were here. Final resting place for you, killed by an invisible gnome lord. Game over: __________ / \ / REST \ / IN \ / PEACE \ / \ | breadmaster | | 22 Au | | killed by an | | invisible gnome | | lord | | | | 2023 | *| * * * | * _________)/\\_//(\/(/\)/\//\/|_)_______ Sayonara breadmaster the Samurai... You died in The Gnomish Mines on dungeon level 5 with 528 points, and 22 pieces of gold, after 553 moves. You were level 3 with a maximum of 34 hit points when you died.